 Dungeon Crawl Stone Soup version 0.28-b1-1-g3c77fb2ed1 (webtiles) character file.

Game seed: 9528887911446579943

95 crazypyro the Gusty (level 4, 0/34 HPs)
             Began as a Gnoll Wanderer on Jan 29, 2022.
             Slain by a goblin (4 damage)
             ... led by Robin
             ... on level 2 of the Dungeon.
             The game lasted 00:03:35 (2330 turns).

crazypyro the Gusty (Gnoll Wanderer)                Turns: 2330, Time: 00:03:36

Health: 0/34       AC:  2    Str: 13    XL:     4   Next: 66%
Magic:  4/8        EV: 11    Int: 10    God:
Gold:   74         SH:  4    Dex: 13    Spells: 8/9 levels left

rFire   . . .      SeeInvis .   g - +5 club (spect)
rCold   . . .      Faith    .   b - +0 buckler
rNeg    . . .      Spirit   .   c - +0 robe
rPois   .          Reflect  .   (no helmet)
rElec   .          Harm     .   (no cloak)
rCorr   .          Rampage  .   (no gloves)
Will    .....                   (no boots)
Stlth   ++........              (no amulet)
HPRegen 0.11/turn               (no ring)
MPRegen 0.11/turn               (no ring)

@: no status effects
A: fangs 1, strong nose, distributed training
a: no special abilities


You were on level 2 of the Dungeon.
You visited 1 branch of the dungeon, and saw 2 of its levels.

You collected 74 gold pieces.

Inventory:

Hand Weapons
 a - a +0 spear
 g - a +5 spectral club (weapon)
Armour
 b - a +0 buckler (worn)
 c - a +0 robe (worn)
Scrolls
 d - 2 scrolls of identify {unknown}
 f - a scroll of blinking {unknown}
Potions
 e - a potion of cancellation {unknown}


   Skills:
 + Level 2.8 Fighting
 + Level 1.2 Short Blades
 + Level 1.2 Long Blades
 + Level 1.2 Axes
 + Level 1.2 Maces & Flails
 + Level 2.8 Polearms
 + Level 1.2 Staves
 + Level 1.2 Slings
 + Level 1.2 Bows
 + Level 1.2 Crossbows
 + Level 1.2 Throwing
 + Level 1.2 Armour
 + Level 1.2 Dodging
 + Level 1.2 Stealth
 + Level 2.8 Shields
 + Level 1.2 Unarmed Combat
 + Level 3.0 Spellcasting
 + Level 1.0 Conjurations
 + Level 1.0 Hexes
 + Level 1.0 Summonings
 + Level 1.0 Necromancy
 + Level 1.0 Translocations
 + Level 1.0 Transmutations
 + Level 1.0 Fire Magic
 + Level 1.0 Ice Magic
 + Level 5.5 Air Magic
 + Level 1.0 Earth Magic
 + Level 1.0 Poison Magic
 + Level 2.9 Invocations
 + Level 4.6 Evocations


You had 8 spell levels left.
You knew the following spells:

 Your Spells              Type           Power      Damage    Failure   Level
a - Shock                 Conj/Air       32%        1d5       10%         1

Your spell library contained the following spells:

 Spells                   Type           Power      Damage    Failure   Level
 Mephitic Cloud           Conj/Pois/Air  6%         N/A       36%         3
 Airstrike                Air            6%         N/A       36%         4


Dungeon Overview and Level Annotations

Branches:
Dungeon (2/15)

Altars:

Annotations:
D:2 Robin


Innate Abilities, Weirdness & Mutations

You have very sharp teeth.
Your uncanny sense of smell can sniff out nearby items.
Your experience applies equally to all skills.


Message History

[Y]es or [N]o only, please.
That beam is likely to hit you.
Continue anyway? [Y]es or [N]o only, please.
That beam is likely to hit you.
Continue anyway? [Y]es or [N]o only, please.
That beam is likely to hit you.
Continue anyway? [Y]es or [N]o only, please.
That beam is likely to hit you.
Continue anyway?
Okay, then.
You closely miss the goblin. You block the goblin's attack.
The goblin hits you but does no damage.
Robin says, "My goblins will feast on your bones."
The goblin hits you but does no damage.
You barely miss the goblin. The goblin closely misses you.
The goblin hits you with a +0 dagger.
You hit the goblin.
You kill the goblin!
The goblin barely misses you. The goblin hits you with a +0 dagger.
The goblin closely misses you.
You see here a +0 dagger.
You barely miss the goblin.
Your +5 spectral club hits the goblin!
You kill the goblin!
The goblin unwields a +0 club.
The goblin wields a +0 hunting sling.
The goblin shoots a stone.
The stone hits you. Robin throws the goblin at you!
* * * LOW HITPOINT WARNING * * *
The goblin closely misses your +5 spectral club.
You hit the goblin.
The goblin is heavily wounded.
Your +5 spectral club hits the goblin!
You kill the goblin!
The goblin shoots a stone.
The stone barely misses your +5 spectral club.
The stone hits you.
* * * LOW HITPOINT WARNING * * *
Robin throws the goblin at you!
* * * LOW HITPOINT WARNING * * *
The goblin unwields a +0 hunting sling.
The goblin wields a +0 club.
The goblin barely misses your +5 spectral club.
The goblin hits you with a +0 dagger.
You die...

#......##.##.##.####
#......##.##.##.####
#.........##>.......
#......########.####
#......########.#
###.†...........#
#.#############
#g####### #@(gggg..
∆ ######g.. ∆


You could see Robin, 5 goblins and a friendly +5 spectral club (summoned).

Vanquished Creatures
  Jessica (D:2)
  2 adders (D:2)
  2 worms (D:2)
  A dart slug (D:1)
  3 bats (D:1)
  6 endoplasms
  7 goblins
  4 hobgoblins
  2 quokkas
  4 ball pythons
  A frilled lizard (D:2)
  5 kobolds
  4 rats
42 creatures vanquished.

Notes
Turn   | Place    | Note
-------+----------+-------------------------------------------
     0 | D:1      | crazypyro the Gnoll Wanderer began the quest for the Orb.
     0 | D:1      | crazypyro set off with the following items: a +0 spear, a
                  | +0 buckler, a +0 robe; and the following spell memorised:
                  | Shock; and the following spells available to memorise:
                  | Airstrike, Mephitic Cloud
     0 | D:1      | Reached XP level 1. HP: 17/17 MP: 4/4
   180 | D:1      | Reached XP level 2. HP: 4/23 MP: 2/5
  1000 | D:1      | Found a faded altar of an unknown god.
  1327 | D:1      | Reached XP level 3. HP: 26/28 MP: 5/7
  1996 | D:2      | Reached skill level 1 in Short Blades
  1996 | D:2      | Reached skill level 1 in Long Blades
  1996 | D:2      | Reached skill level 1 in Axes
  1996 | D:2      | Reached skill level 1 in Maces & Flails
  1996 | D:2      | Reached skill level 1 in Staves
  1996 | D:2      | Reached skill level 1 in Slings
  1996 | D:2      | Reached skill level 1 in Bows
  1996 | D:2      | Reached skill level 1 in Crossbows
  1996 | D:2      | Reached skill level 1 in Throwing
  1996 | D:2      | Reached skill level 1 in Armour
  1996 | D:2      | Reached skill level 1 in Dodging
  1996 | D:2      | Reached skill level 1 in Stealth
  1996 | D:2      | Reached skill level 1 in Unarmed Combat
  2000 | D:2      | Reached XP level 4. HP: 34/34 MP: 5/8
  2138 | D:2      | Noticed Jessica
  2147 | D:2      | Killed Jessica
  2273 | D:2      | Reached skill level 1 in Conjurations
  2273 | D:2      | Reached skill level 1 in Hexes
  2273 | D:2      | Reached skill level 1 in Summonings
  2273 | D:2      | Reached skill level 1 in Necromancy
  2273 | D:2      | Reached skill level 1 in Translocations
  2273 | D:2      | Reached skill level 1 in Transmutations
  2273 | D:2      | Reached skill level 1 in Fire Magic
  2273 | D:2      | Reached skill level 1 in Ice Magic
  2273 | D:2      | Reached skill level 1 in Earth Magic
  2273 | D:2      | Reached skill level 1 in Poison Magic
  2319 | D:2      | Noticed Robin
  2330 | D:2      | Slain by a goblin

Illustrated notes

Levels and vault maps discovered:
D:1:      wander_arrival_chamber, layout_basic, basic_ecumenical_altar
D:2:      layout_basic, uniq_jessica, uniq_robin

Skill      XL: |  1  2  3  4 |
---------------+-------------+-----
Short Blades   | 1 |  1.2
Long Blades    | 1 |  1.2
Axes           | 1 |  1.2
Maces & Flails | 1 |  1.2
Staves         | 1 |  1.2
Slings         | 1 |  1.2
Bows           | 1 |  1.2
Crossbows      | 1 |  1.2
Throwing       | 1 |  1.2
Armour         | 1 |  1.2
Dodging        | 1 |  1.2
Stealth        | 1 |  1.2
Unarmed Combat | 1 |  1.2
Spellcasting   | 3 |  3.0
Conjurations   | 1 |  1.0
Hexes          | 1 |  1.0
Summonings     | 1 |  1.0
Necromancy     | 1 |  1.0
Translocations | 1 |  1.0
Transmutations | 1 |  1.0
Fire Magic     | 1 |  1.0
Ice Magic      | 1 |  1.0
Earth Magic    | 1 |  1.0
Poison Magic   | 1 |  1.0
Fighting       | |  2.8
Polearms       | |  2.8
Shields        | |  2.8
Air Magic      | |  5.5
Invocations    | |  2.9
Evocations     | |  4.6

Action                   |  1- 3 |  4- 6 || total
-------------------------+-------+-------++-------
Melee: Spear             |    83 |     3 ||    86
       Bite              |     6 |     2 ||     8
       Club              |       |     9 ||     9
 Cast: Shock             |    52 |     9 ||    61
 Stab: Sleeping          |     1 |     1 ||     2
Armor: Robe              |     7 |     2 ||     9
Dodge: Dodged            |    40 |     6 ||    46
Block: Buckler           |    14 |     4 ||    18
